 Dungeon Crawl Stone Soup version 0.31-a0-1163-gcee99d1eea (webtiles) character file.

Game seed: 13378860105863802846

98 James the Ruffian (level 4, -5/29 HPs)
             Began as an Octopode Shapeshifter on Dec 9, 2023.
             Slain by Grinder (9 damage)
             ... on level 3 of the Dungeon.
             The game lasted 00:03:08 (1782 turns).

James the Ruffian (Octopode Shapeshifter)           Turns: 1782, Time: 00:03:08

Health: -5/29      AC:  1    Str: 15    XL:     4   Next: 71%
Magic:  4/4        EV: 13    Int: 12    God:
Gold:   129        SH:  0    Dex: 11    Spells: 3/3 levels left

rFire   . .          .
                       - Unarmed
rCold   . . .        (no shield)
rNeg    . . .        (helmet currently unavailable)
rPois   .            (no amulet)
rElec   .            (no ring)
rCorr   .            (no ring)
SInv    .            (no ring)
Will    .....        (no ring)
Stlth   ++           (no ring)
HPRegen 0.24/turn    (no ring)
MPRegen 0.09/turn    (no ring)
                     (no ring)

%: no passive effects
@: beast-form
A: beast (slay +1), almost no armour, amphibious, 8 rings, camouflage 1,
gelatinous body 1, (nimble swimmer 1), tentacles
a: Begin Untransformation


You were on level 3 of the Dungeon.
You were a hulking beast.
You visited 1 branch of the dungeon, and saw 3 of its levels.

You collected 129 gold pieces.

Inventory:

Missiles
 d - 10 stones
 i - 7 poisoned darts (quivered)
Armour
 k - an orb of energy
   (You found it on level 2 of the Dungeon)
Talismans
 b - a beast talisman
 c - a flux talisman
 h - a maw talisman
   (You found it on level 2 of the Dungeon)
Scrolls
 e - 2 scrolls of enchant weapon {unknown}
 f - a scroll of identify {unknown}
 g - a scroll of teleportation {unknown}
 j - a scroll of fear {unknown}
Potions
 a - a potion of lignification {!q}
 l - a potion of heal wounds {unknown}


   Skills:
 - Level 2.0 Fighting
 - Level 2.0 Dodging
 + Level 5.0 Unarmed Combat
 - Level 3.0 Shapeshifting


You had 3 spell levels left.
You didn't know any spells.
Your spell library was empty.

Dungeon Overview and Level Annotations

Branches:
Dungeon (3/15)

Altars:

Annotations:
D:2 exclusion: ogre
D:3 Grinder


Innate Abilities, Weirdness & Mutations

You are a hulking beast.
Your limbs bulge with bestial killing power. (Slay +1)
You cannot wear most types of armour.
You are amphibious.
You can wear up to eight rings at the same time.
Your skin changes colour to match your surroundings (Stealth+).
Your rubbery body absorbs attacks. (AC +1, EV +1)
((You are camouflaged when in or above water. (Stealth+)))
You have tentacles for arms and can constrict up to eight enemies at once.


Message History

You kill the quokka!
Items here: ) [ ††.
Things that are here:
a +0 ring mail; a +0 hand axe; an orc corpse
d - 10 stones (gained 5)
Found a brown potion.
l - a brown potion
Found a stone staircase leading down.
Grinder and a goblin come into view.
Press: ? - help, . - travel You can't see that place. [the floor.] Unknown command.
The goblin shouts!
A goblin is nearby!
A goblin comes into view. It is wielding a +0 dagger.
The goblin barely misses you.
You completely miss the goblin.
The goblin shouts!
You grab the goblin. You constrict the goblin.
You hear a shout!
The goblin hits you with a +0 club.
You tentacle-slap the goblin.
You kill the goblin!
You bludgeon the goblin!
You kill the goblin!
Grinder gestures at you. Pain shoots through your body!
Your Unarmed Combat skill increases to level 5!
Unknown command.
Okay, then.
Throw: 9 darts (poison)
Press: ? - help, Q - select action, (/) - cycle Shift-Dir - straight line, f - Grinder
Aim: Grinder (50% to hit)
You throw a poisoned dart. The poisoned dart hits Grinder.
Grinder is poisoned.
Throw: 8 darts (poison)
Press: ? - help, Q - select action, (/) - cycle Shift-Dir - straight line, f/p - Grinder
Aim: Grinder (poisoned, 52% to hit)
You throw a poisoned dart. The poisoned dart hits Grinder.
You tentacle-slap Grinder. You grab Grinder.
You constrict Grinder, but do no damage.
Grinder hits you!
* * * LOW HITPOINT WARNING * * *
You writhe in agony.
* * * LOW HITPOINT WARNING * * *
You tentacle-slap Grinder.
You constrict Grinder, but do no damage.
Grinder hits you!
You die...
Grinder says, "Now the real fun starts!"

### ### # #.. #
...#.... ##.# #
###.#.#.# ... .
#.#...>...##.##.#
#.#.#.#(#)......#
#5....#.5h......#
#.# ###....##.#
#.# #.#### #.#
#.#####.# #.#
##........
###.####.....###.
#............#
#.#.###......#
#.#.###......#


You could see Grinder (poisoned).

Vanquished Creatures
  An orc wizard (D:3)
  A worm (D:3)
  A dart slug (D:2)
  9 orcs (D:3)
  4 ball pythons
  5 endoplasms
  7 giant cockroaches (D:1)
  9 goblins
  2 hobgoblins (D:1)
  4 kobolds
  2 quokkas
  6 bats
  2 frilled lizards
53 creatures vanquished.

Notes
Turn   | Place    | Note
-------+----------+-------------------------------------------
     0 | D:1      | James the Octopode Shapeshifter began the quest for the
                  | Orb.
     0 | D:1      | Reached XP level 1. HP: 13/13 MP: 1/1
    26 | D:1      | Found a faded altar of an unknown god.
    81 | D:1      | Reached XP level 2. HP: 19/19 MP: 2/2
   474 | D:1      | Reached XP level 3. HP: 24/24 MP: 3/3
  1143 | D:2      | Reached skill level 4 in Unarmed Combat
  1182 | D:2      | Noticed an ogre
  1488 | D:3      | Reached XP level 4. HP: 23/29 MP: 4/4
  1761 | D:3      | Noticed Grinder
  1779 | D:3      | Reached skill level 5 in Unarmed Combat
  1782 | D:3      | Slain by Grinder

Illustrated notes

Levels and vault maps discovered:
D:1:      minmay_arrival_up_and_down, layout_loops_ring,
          dreamdust_ecumenical_altar_grove, grunt_decor_resistance,
          minmay_worlds_worst_comb
D:2:      layout_loops_ring
D:3:      layout_loops_cross, uniq_sigmund, uniq_grinder

Skill      XL: |  1  2  3  4 |
---------------+-------------+-----
Fighting       | 2 |  2.0
Unarmed Combat | 4 5 |  5.0
Dodging        | |  2.0
Shapeshifting  | |  3.0

Action                     |  1- 3 |  4- 6 || total
---------------------------+-------+-------++-------
  Melee: Unarmed           |    72 |    24 ||    96
         Tentacles         |    15 |     7 ||    22
         Constrict         |    23 |     9 ||    32
         Punch             |     2 |       ||     2
  Throw: Dart              |       |     2 ||     2
   Stab: Sleeping          |    13 |       ||    13
 Armour: Skin              |    24 |    15 ||    39
  Dodge: Dodged            |    43 |    14 ||    57

Table legend: (Time is in decaauts)
 A = Elapsed time spent in this place.
 B = Non-inter-level travel time spent in this place.
 C = Inter-level travel time spent in this place.
 D = Time resting spent in this place.
 E = Time spent auto-exploring this place.
 F = Levels seen in this place.
 G = Mean time per level.
                   A        B        C        D        E       F      G
               +--------+--------+--------+--------+--------+-----+--------+
         Total |   1775 |   1693 |     82 |     67 |   1286 |   3 |  591.7 |
       Dungeon |   1775 |   1693 |     82 |     67 |   1286 |   3 |  591.7 |
               +--------+--------+--------+--------+--------+-----+--------+

Top non-repeatable levels by time:
     D:1: 743 daAuts
     D:2: 714 daAuts
     D:3: 318 daAuts
